 Dungeon Crawl Stone Soup version 0.31.0-11-ge490571c62 (webtiles) character file.

Game seed: 6144662219727819792

134942 jasper the Warrior (level 16, -21/223 HPs)
             Began as an Armataur Berserker on Feb 4, 2024.
             Was a High Priest of Trog.
             Demolished by a radroach (30 damage)
             ... on level 1 of the Spider Nest.
             The game lasted 00:49:57 (27571 turns).

jasper the Warrior (Armataur Berserker)            Turns: 27571, Time: 00:49:57

Health: -21/223    AC: 16    Str: 24    XL:     16   Next: 63%
Magic:  0/16       EV: 14    Int:  8    God:    Trog [*****.]
Gold:   1630       SH: 25    Dex: 16    Spells: 15/15 levels left

rFire   . .          .
                       - Unarmed
rCold   + . .        Q - +3 kite shield {rC+}
rNeg    . . .        o - melded +3 leather armour {rF+}
rPois   +            n - +2 helmet
rElec   .            m - +2 cloak {rPois}
rCorr   .            L - +2 pair of gloves
SInv    .            (no barding)
Will    ++...        t - brooch of Shielding {Spirit SH+8} Stlth
                     H - ring of willpower
HPRegen 0.57/turn    f - +4 ring of protection
MPRegen 0.15/turn

%: guardian spirit, roll
@: berserking, maw-form, contaminated, glowing, studying Necromancy, very quick
A: devouring maw, large, deformed body, tough skin 3, armoured tail, roll 2
a: Begin Untransformation, Renounce Religion, Berserk, Trog's Hand, Brothers in
Arms


You were on level 1 of the Spider Nest.
You worshipped Trog.
Trog was extremely pleased with you.
You were a creature with a mouth for a stomach.
You visited 4 branches of the dungeon, and saw 23 of its levels.
You also visited: Bailey, Gauntlet and Ice Cave.

You collected 3903 gold pieces.
You spent 2273 gold pieces at shops.

Inventory:

Missiles
 q - 13 javelins
 v - 22 boomerangs (quivered)
 R - a curare-tipped dart
 T - 7 silver javelins
Armour
 j - a +2 kite shield of positive energy
 m - a +2 cloak of poison resistance (worn)
 n - a +2 helmet (worn)
 o - a +3 leather armour of fire resistance (melded)
 C - the +3 pair of gloves "Tuenothritt" {rN+ Str+4 Int+2 Dex-4}
   (You bought it in a shop on level 2 of the Orcish Mines)

   Str+4:     It affects your strength (+4).
   Int+2:     It affects your intelligence (+2).
   Dex-4:     It affects your dexterity (-4).
   rN+:       It protects you from negative energy.
 L - a +2 pair of gloves (worn)
 Q - a +3 kite shield of cold resistance (worn)
Jewellery
 c - a ring of protection from cold
 f - a +4 ring of protection (right hand)
 t - the brooch of Shielding (around neck) {Spirit SH+8}
   (You found it on level 12 of the Dungeon)

   [amulet of guardian spirit]

   Spirit:    It causes incoming damage to be divided between your reserves of
   health and magic.
   SH+8:      It affects your SH (+8).
 B - a ring of see invisible
 H - a ring of willpower (left hand)
 N - an amulet of regeneration
 Y - a ring of protection from fire
Talismans
 a - a talisman of death
 G - a maw talisman (active)
Wands
 h - a wand of iceblast (16)
 i - a wand of digging (1)
 V - a wand of quicksilver (15)
Scrolls
 l - 9 scrolls of teleportation
 r - a scroll of poison
 y - 3 scrolls of revelation
 D - 4 scrolls of fog
 I - 6 scrolls of blinking
 M - a scroll of butterflies
 O - 3 scrolls of immolation
 S - 3 scrolls of vulnerability
Potions
 b - 6 potions of curing
 d - 6 potions of enlightenment
 e - 9 potions of ambrosia
 g - 6 potions of lignification
 k - 6 potions of attraction
 p - a potion of mutation
 s - 6 potions of heal wounds
 u - 6 potions of haste
 w - a potion of berserk rage {unknown}
 x - 3 potions of magic
 A - a potion of cancellation
 F - a potion of resistance
 J - 2 potions of might
 P - 2 potions of brilliance {unknown}
 W - a potion of invisibility
Miscellaneous
 E - a lightning rod (4/4)
 X - a phial of floods
 Z - a sack of spiders


   Skills:
 - Level 15.0 Fighting
 - Level 2.4 Armour
 - Level 10.0 Dodging
 - Level 15.0 Shields
 + Level 13.2 Unarmed Combat
 - Level 5.0 Evocations
 - Level 10.0 Shapeshifting


You had 15 spell levels left.
You didn't know any spells.
Your spell library was empty.

Dungeon Overview and Level Annotations

Branches:
Dungeon (15/15)            Temple (0/1) D:7            Lair (5/5) D:8
 Shoals (0/4) Lair:2       Spider (1/4) Lair:3        Slime (0/5) Lair:4
    Orc (2/2) D:9             Elf (0/3) Orc:2        Vaults (0/5) D:14
 Depths (0/4) D:15         Bailey (visited)           IceCv (visited)
Gauntlet (visited)

Altars:
Dithmenos
Elyvilon
Hepliaklqana
Makhleb
Nemelex Xobeh
Qazlal
Ru
Sif Muna
Trog
Vehumet
Wu Jian
Zin
The Shining One
Jiyva

Shops:
D:3 *   D:5 =   D:10 :   D:12 =   Orc:2 :[[[(!?!

Portals:
Abyss: D:6

Annotations:
D:6 2 transporters, Biggs's ghost, novice TrFi
D:9 3 runed translucent doors, Yore's ghost, novice GrFi
D:10 exclusion: 2 oklob plants
D:13 2 transporters, Iplucs's ghost, journeyman FeBe


Innate Abilities, Weirdness & Mutations

You are a creature with a mouth for a stomach.
Your midsection houses a second, enormous mouth.
Armour fits poorly on your strangely shaped body.
You have extremely tough skin. (AC +3)
You have a long armoured tail.
You regenerate magic and health when rolling toward enemies. (Rampage Regen)


Message History

You bite the tarantella.
You kill the tarantella!
Trog accepts your kill. You block the radroach's attack. x2
You punch the radroach!
You tail-slap the radroach, but do no damage.
The radroach is lightly wounded.
The radroach erupts in a fountain of uncontrolled magic!
You are blasted with magical radiation!!
You are very lightly contaminated with residual magic.
You hit the radroach.
You bite the radroach, but do no damage.
The radroach is lightly wounded.
The radroach erupts in a fountain of uncontrolled magic!
You are blasted with magical radiation!!
You are lightly contaminated with residual magic.
You hit the radroach.
The radroach is lightly wounded.
The radroach erupts in a fountain of uncontrolled magic!
You are blasted with magical radiation!!!
You are contaminated with residual magic.
You hit the radroach. Your bite misses the radroach.
The radroach is lightly wounded.
You punch the radroach!
You tail-slap the radroach, but do no damage.
You bite the radroach, but do no damage.
The radroach is moderately wounded.
The radroach erupts in a fountain of uncontrolled magic!
You are blasted with magical radiation!!
* * * LOW HITPOINT WARNING * * *
A red film seems to cover your vision as you go berserk!
You feel yourself moving faster!
You feel mighty!
The radroach erupts in a fountain of uncontrolled magic!
You are blasted with magical radiation!!!
* * * LOW HITPOINT WARNING * * *
You pummel the radroach!! You bite the radroach!!
The radroach is almost dead.
The radroach erupts in a fountain of uncontrolled magic!
You are blasted with magical radiation!!
You die...

...... ..... ### ####...### ##.#
### ### ##..#...... ##..###.#
..## ####......# #^....#^.
...######^##......# ###...#..
...#.#.#...#....##### #.#..##..
#..#...###......B...# ###.)......
...#.^###.....#.W...###.........#
......#.#...####..####...###...##
.....##........#.....##....#..^.#
###..#...##...####....#...##..###
.....#....#....##...=.#..######
.....#...###..##..#.......#
.....#^..^# .##.^.##...####
.##...>.### ..###. #...#
##...^....# #.. .. #####


You could see a radroach.

Vanquished Creatures
  Nikola (Spider:1)
  Jorgrun (D:15)
  Frances (D:14)
  A broodmother (Lair:3)
  A minotaur (Gauntlet)
  Azrael (D:13)
  A fire dragon (D:14)
  5 hydras
  An ogre mage (D:15)
  5 catoblepae
  A rakshasa (D:15)
  4 centaur warriors
  6 death yaks (Lair:5)
  5 boulder beetles
  5 two-headed ogres
  2 demonic crawlers (Spider:1)
  2 orc high priests (Orc:2)
  3 tengu warriors
  A fire crab (Gauntlet)
  A deep troll (D:14)
  Lodul (D:13)
  A lindwurm (D:14)
  An orb spider (Lair:3)
  3 necromancers
  A steelbarb worm (Spider:1)
  3 deep elf pyromancers
  A wolf spider zombie (D:15)
  8 orc knights
  4 wolf spiders
  Pikel (D:4)
  5 orc sorcerers
  8 ugly things
  6 cyclopes
  7 manticores
  Maurice (Orc:2)
  4 kobold blastminers
  A moth of wrath (Spider:1)
  A spectral centaur (Gauntlet)
  Joseph (D:8)
  3 meliai
  6 elephants (Lair:5)
  5 black mambas
  A torpor snail (shapeshifter) (D:14)
  3 torpor snails
  An ice statue (IceCv)
  A gargoyle (D:13)
  A minotaur zombie (Gauntlet)
  15 cane toads
  6 rime drakes
  2 freezing wraiths (IceCv)
  9 komodo dragons
  10 ice devils (IceCv)
  An anaconda simulacrum (IceCv)
  A queen bee (Lair:1)
  3 tengu conjurers
  3 polar bears
  2 hornets
  5 trolls
  8 saltlings (Orc:2)
  11 blink frogs
  4 tarantellas
  A spectral meliai (Gauntlet)
  9 slime creatures (D:13)
  3 culicivoras
  Sigmund (D:2)
  A jumping spider (Spider:1)
  A centaur simulacrum (D:15)
  5 wyverns
  80 yaks
  2 shadows
  A basilisk (shapeshifter) (D:14)
  3 fire elementals (D:13)
  4 wraiths
  4 fire bats (Gauntlet)
  A golden eye (D:10)
  3 hogs (Lair:5)
  5 basilisks
  8 redbacks
  5 vampire mosquitoes
  5 death yak simulacra (IceCv)
  5 wargs
  A harpy simulacrum (IceCv)
  Edmund (D:5)
  5 hell hounds (D:13)
  4 hydra simulacra (IceCv)
  22 water moccasins
  19 orc warriors
  An ice beast (D:7)
  2 black bears
  2 laughing skulls (D:14)
  A sky beast (D:7)
  14 ogres
  14 wolves
  3 lemures (D:4)
  15 centaurs
  A kobold brigand (D:10)
  13 bullfrogs
  2 gnoll sergeants
  A two-headed ogre simulacrum (IceCv)
  6 cane toad simulacra
  5 scorpions
  A hornet simulacrum (D:15)
  38 killer bees
  5 elephant simulacra (IceCv)
  3 howler monkeys (D:10)
  6 hounds
  2 bombardier beetles
  A jelly (D:4)
  9 orc priests
  2 gnoll boudas
  2 iguanas (D:5)
  18 orc wizards
  3 hell rats
  A spriggan simulacrum (IceCv)
  A boggart skeleton (D:15)
  6 polar bear simulacra
  2 wolf simulacra
  Robin (D:4)
  24 gnolls
  5 adders
  2 naga simulacra (IceCv)
  7 river rats (Lair:3)
  4 white imps
  3 ufetubi
  3 ribbon worms
  5 dart slugs
  The ghost of dialectric the Sneak, a weakling VSDe (D:5)
  63 orcs
  7 endoplasms
  3 giant cockroaches
  11 hobgoblins
  14 jackals
  16 kobolds
  3 quokkas
  4 ball pythons
  4 bats
  6 frilled lizards
  13 goblins
  7 rats
792 creatures vanquished.

Vanquished Creatures (collateral kills)
  2 orc warlords
  A radroach (Spider:1)
  An orc knight (Orc:2)
  4 ice devils (IceCv)
  A jumping spider (Spider:1)
  2 orc warriors (Orc:2)
  2 orcs (Orc:2)
13 creatures vanquished.

Vanquished Creatures (others)
  Kirke (Lair:5)
  An orc wizard (Orc:2)
2 creatures vanquished.

Grand Total: 807 creatures vanquished

Notes
Turn   | Place    | Note
-------+----------+-------------------------------------------
     0 | D:1      | jasper the Armataur Berserker began the quest for the Orb.
     0 | D:1      | Reached XP level 1. HP: 18/18 MP: 1/1
   250 | D:1      | Reached XP level 2. HP: 25/25 MP: 2/2
   903 | D:2      | Reached XP level 3. HP: 31/31 MP: 3/3
   919 | D:2      | Found a white marble altar of Elyvilon.
   942 | D:2      | Noticed Sigmund
  1083 | D:3      | Found Ucyaffen's Assorted Antiques.
  1101 | D:3      | Bought a scroll labelled SAINOA JEGIMU for 25 gold pieces
  1792 | D:3      | Reached XP level 4. HP: 31/38 MP: 4/4
  1793 | D:3      | Reached ** piety under Trog
  2003 | D:3      | Found an ornate altar of the Wu Jian Council.
  2003 | D:3      | Found a radiant altar of Vehumet.
  2003 | D:3      | Found a sacrificial altar of Ru.
  2020 | D:3      | Found a hazy altar of Hepliaklqana.
  2211 | D:4      | Reached XP level 5. HP: 46/46 MP: 5/5
  2438 | D:4      | Reached XP level 6. HP: 52/52 MP: 6/6
  2546 | D:4      | Noticed Robin
  2558 | D:4      | Killed Robin
  3252 | D:4      | Noticed Pikel
  3436 | D:4      | Killed Pikel
  3437 | D:4      | Reached skill level 5 in Fighting
  3437 | D:4      | Reached skill level 5 in Unarmed Combat
  3437 | D:4      | Gained mutation: You regenerate magic and health when
                  | rolling toward enemies. (Rampage Regen) [Armataur growth]
  3437 | D:4      | Reached XP level 7. HP: 61/61 MP: 7/7
  3808 | D:4      | Identified a scroll of acquirement
  3808 | D:4      | Acquired the +3 buckler of the Alphagorgon {*Corrode Fly
                  | rElec Int+3}
  4020 | D:2      | Reached skill level 1 in Shields
  4078 | D:2      | Killed Sigmund
  4079 | D:2      | Reached XP level 8. HP: 48/70 MP: 8/8
  4377 | D:5      | Entered Level 5 of the Dungeon
  4380 | D:5      | Reached *** piety under Trog
  4394 | D:5      | Noticed Edmund
  4407 | D:5      | Killed Edmund
  4495 | D:5      | Found Fedoxato's Jewellery Shop.
  4672 | D:5      | Acquired a +1 cloak of poison resistance
  4725 | D:5      | Found a sparkling altar of Nemelex Xobeh.
  4900 | D:5      | Found a large runed translucent door.
  4900 | D:5      | Found a large runed translucent door.
  4900 | D:5      | Noticed dialectric's ghost (weakling VSDe)
  4956 | D:5      | Killed dialectric's ghost
  5266 | D:6      | Found a transporter.
  5323 | D:6      | Noticed a sixfirhy
  5331 | D:6      | Noticed Biggs's ghost (novice TrFi)
  5332 | D:6      | Found a one-way gate to the infinite horrors of the Abyss.
  5332 | D:6      | Found a transporter.
  5914 | D:7      | Found a flagged portal.
  5921 | D:7      | Reached skill level 5 in Dodging
  5927 | Bailey   | Entered a bailey
  5932 | Bailey   | Noticed an orc warlord
  5950 | Bailey   | Reached **** piety under Trog
  5972 | Bailey   | Noticed an orc knight
  6003 | Bailey   | Killed an orc knight
  6004 | Bailey   | Reached XP level 9. HP: 78/78 MP: 9/9
  6099 | Bailey   | Found a runed translucent gate.
  6101 | Bailey   | Found a runed translucent gate.
  6103 | Bailey   | Found a runed translucent gate.
  6126 | Bailey   | Reached XP level 10. HP: 91/91 MP: 10/10
  6127 | Bailey   | Reached skill level 10 in Fighting
  6127 | Bailey   | Reached skill level 10 in Unarmed Combat
  6127 | Bailey   | Reached XP level 11. HP: 100/100 MP: 11/11
  6252 | Bailey   | Killed an orc warlord
  6253 | Bailey   | Reached skill level 5 in Shields
  6266 | Bailey   | Reached XP level 12. HP: 73/106 MP: 12/12
  6406 | D:5      | Bought a maw talisman for 420 gold pieces
  6698 | D:7      | Found a shadowy altar of Dithmenos.
  6884 | D:7      | Found a staircase to the Ecumenical Temple.
  7330 | D:8      | Noticed Joseph
  7344 | D:8      | Killed Joseph
  7353 | D:8      | Found a staircase to the Lair.
  7491 | D:8      | Found a glowing golden altar of the Shining One.
  8056 | D:9      | Found a runed translucent gate.
  8056 | D:9      | Found a runed translucent gate.
  8056 | D:9      | Found a runed translucent gate.
  8057 | D:9      | Noticed a nine-headed hydra
  8057 | D:9      | Noticed Yore's ghost (novice GrFi)
  8174 | D:9      | Found a bloodstained altar of Trog.
  8325 | D:9      | Found a staircase to the Orcish Mines.
  8635 | D:10     | Entered Level 10 of the Dungeon
  8917 | Orc:1    | Entered Level 1 of the Orcish Mines
  9711 | D:10     | Found Liejyo's Self-Published Books.
 10081 | D:10     | Found a glowing silver altar of Zin.
 10304 | D:11     | Paralysed by a hornet for 2 turns
 10383 | D:11     | Noticed a two-headed ogre
 10390 | D:11     | Killed a two-headed ogre
 10916 | D:11     | Reached XP level 13. HP: 113/113 MP: 13/13
 11112 | Lair:1   | Entered Level 1 of the Lair of Beasts
 11172 | Lair:1   | Reached skill level 10 in Dodging
 11183 | Lair:1   | Found a gate leading to a gauntlet.
 11209 | Gauntlet | Entered a Gauntlet
 11209 | Gauntlet | Found a transporter.
 11209 | Gauntlet | Found a runed translucent door.
 11210 | Gauntlet | Found a runed translucent door.
 11216 | Gauntlet | Found a transporter.
 11218 | Gauntlet | Found a transporter.
 11229 | Gauntlet | Found a transporter.
 11232 | Gauntlet | Found a transporter.
 11246 | Gauntlet | Found a transporter.
 11264 | Gauntlet | Found a transporter.
 11276 | Gauntlet | Found a transporter.
 11287 | Gauntlet | Found a transporter.
 11309 | Gauntlet | Found a transporter.
 11322 | Gauntlet | Found a transporter.
 11324 | Gauntlet | Found a transporter.
 11382 | Gauntlet | Found a transporter.
 11385 | Gauntlet | Found a transporter.
 11641 | Gauntlet | Identified the +3 trident of Instinct {heavy, Stlth+}
 11928 | Gauntlet | Noticed a minotaur
 11944 | Gauntlet | Killed a minotaur
 12669 | Lair:1   | Reached skill level 10 in Shapeshifting
 12774 | Lair:1   | Found a burning altar of Makhleb.
 12808 | Lair:1   | Reached skill level 1 in Evocations
 13107 | D:5      | Bought a +4 ring of protection for 504 gold pieces
 13726 | Lair:2   | Reached ***** piety under Trog
 13780 | Lair:2   | Reached skill level 5 in Evocations
 14076 | Lair:2   | Found a staircase to the Shoals.
 14168 | Lair:2   | Identified the +1 chain mail of Inevitability {MP+9}
 14918 | Lair:3   | Reached XP level 14. HP: 66/126 MP: 9/14
 15067 | Lair:3   | Found a hole to the Spider Nest.
 15718 | Lair:4   | Found a staircase to the Slime Pits.
 15719 | Lair:4   | Found a viscous altar of Jiyva.
 15822 | Lair:4   | Acquired 813 gold pieces
 17322 | Orc:2    | Entered Level 2 of the Orcish Mines
 17364 | Orc:2    | Found Udau's Weapon Shoppe.
 17631 | Orc:2    | Noticed Maurice
 17639 | Orc:2    | Killed Maurice
 17686 | Orc:2    | Found Milituuz's Magic Scroll Boutique.
 17687 | Orc:2    | Received a gift from Trog
 17718 | Orc:2    | Found Qigh's Distillery.
 17889 | Orc:2    | Bought a potion of heal wounds for 90 gold pieces
 17889 | Orc:2    | Bought a potion of heal wounds for 90 gold pieces
 17900 | Orc:2    | Bought a scroll of teleportation for 45 gold pieces
 17900 | Orc:2    | Bought a scroll of teleportation for 45 gold pieces
 17900 | Orc:2    | Bought a scroll of immolation for 60 gold pieces
 17900 | Orc:2    | Bought a scroll of fog for 60 gold pieces
 17989 | Orc:2    | Found Etruix's Distillery.
 17991 | Orc:2    | Found a staircase to the Elven Halls.
 17996 | Orc:2    | Bought a potion of invisibility for 88 gold pieces
 17996 | Orc:2    | Bought a potion of curing for 33 gold pieces
 18151 | Orc:2    | Found Daempauc's Antique Armour Shop.
 18175 | Orc:2    | Found Fivvuem's Book Boutique.
 18355 | Orc:2    | Noticed an orc warlord
 18363 | Orc:2    | Killed an orc warlord
 18397 | Orc:2    | Reached skill level 15 in Fighting
 18431 | Orc:2    | Found Fuzot's Armour Boutique.
 18458 | Orc:2    | Found Fyl Qeho's Armour Shoppe.
 18464 | Orc:2    | Bought the +3 pair of gloves "Tuenothritt" {rN+ Str+4 Int+2
                  | Dex-4} for 488 gold pieces
 18805 | Lair:5   | Entered Level 5 of the Lair of Beasts
 18978 | Lair:5   | Reached ****** piety under Trog
 19037 | Lair:5   | Noticed Kirke
 19100 | Lair:5   | Killed Kirke
 19175 | Lair:5   | Found a frozen archway.
 19194 | IceCv    | Entered an ice cave
 19200 | IceCv    | Reached XP level 15. HP: 141/141 MP: 15/15
 19200 | IceCv    | Received a gift from Trog
 19698 | IceCv    | Found an ancient bone altar of Kikubaaqudgha.
 21543 | Lair:5   | Received a gift from Trog
 21562 | Lair:5   | Reached skill level 10 in Shields
 22153 | D:12     | Found the brooch of Shielding {Spirit SH+8}
 22355 | D:12     | Found Ryig's Jewellery Shop.
 22371 | D:12     | Bought a ring of willpower for 325 gold pieces
 22954 | D:13     | Noticed Azrael
 22969 | D:13     | Killed Azrael
 23340 | D:13     | Noticed Lodul
 23359 | D:13     | Killed Lodul
 23388 | D:13     | Found a stormy altar of Qazlal.
 23436 | D:13     | Found a transporter.
 23445 | D:13     | Found a transporter.
 23446 | D:13     | Noticed Iplucs's ghost (journeyman FeBe)
 24383 | D:14     | Found a gate to the Vaults.
 24542 | D:14     | Reached XP level 16. HP: 125/143 MP: 16/16
 24667 | D:14     | Noticed Frances
 24687 | D:14     | Killed Frances
 25331 | D:15     | Entered Level 15 of the Dungeon
 25458 | D:15     | Noticed Jorgrun
 25473 | D:15     | Killed Jorgrun
 25712 | D:15     | Received a gift from Trog
 25788 | D:15     | Identified the +2 leather armour "Ydaonkiw" {rN+}
 25805 | D:15     | Found a shimmering blue altar of Sif Muna.
 25925 | D:15     | Reached skill level 15 in Shields
 25953 | D:15     | Found a staircase to the Depths.
 26444 | Spider:1 | Entered Level 1 of the Spider Nest
 27250 | Spider:1 | Noticed Nikola
 27267 | Spider:1 | Killed Nikola
 27570 | Spider:1 | HP: 9/223 [radroach (48)]
 27571 | Spider:1 | Demolished by a radroach

Illustrated notes

Levels and vault maps discovered:
D:1:      beargit_arrival_greenhouse, layout_basic, minmay_octomino_j4
D:2:      layout_rooms, basic_altar, uniq_sigmund
D:3:      layout_basic, nzn_hepliaklqana_mist_gate,
          gammafunk_temple_overflow_claw, serial_shops, nicolae_shop_crystal,
          minmay_checkerbox
D:4:      layout_basic, dreamdust_wishing_well, serial_park_tiny_pond,
          uniq_pikel, uniq_robin
D:5:      cheibrodos_helix_gallery, layout_cave_pools,
          nemelex_spade_bored_becter, serial_shops,
          nicolae_shop_tiny_waterfront, ebering_ghost_disaster_area, uniq_edmund
D:6:      layout_basic, gammafunk_ghost_abyssal_escape, nrook_mini_backslash,
          chequers_mini_garden
D:7:      layout_basic, lemuel_round_altar, minmay_temple_entry_poolview,
          enter_bailey_2
D:8:      layout_basic, mainiacjoe_overflow_boulevard, lair_entry_dummy,
          uniq_joseph
D:9:      layout_loops_cross, tgw_trog, david_orc_3, serial_glass,
          glass_columns_b, glass_columns_a, minmay_strange_pillars,
          feat_on_display, gammafunk_ghost_hydra_chop, nicolae_water_bricks
D:10:     layout_cross, zin_academy, serial_column_ruins, column_ruins_grid_5,
          column_ruins_hut, column_ruins_corridor_corner, column_ruins_grid_1,
          column_ruins_grid_1, column_ruins_open_small, column_ruins_grid_1,
          column_ruins_corridor_water, nicolae_custom_books, disabler_island
D:11:     layout_basic
D:12:     layout_irregular_city, serial_shops, nicolae_shop_statue_plus
D:13:     layout_layer_cave, gammafunk_ghost_hive,
          nicolae_qazlal_eye_of_the_storm, uniq_azrael, uniq_lodul
D:14:     layout_irregular_city, david_vaults_4, hex_tiny, uniq_frances
D:15:     grunt_enter_depths_magical_seal, layout_irregular_city,
          nrook_mini_vaults, hellmonk_sif_muna_bookshelves, uniq_jorgrun
Lair:1:   layout_small_grid, gauntlet_entry_generic, basic_altar, special_room
          [special_room_bee]
Lair:2:   layout_loops_ring, minmay_shoals_entry_centaurs, grunt_megastairs_1,
          serial_bayou_shore_b
Lair:3:   layout_chaotic_city, nicolae_spider_entry_orb_guardian,
          kennysheep_rathole
Lair:4:   nzn_winding_woodlands_three_and_one
          [nzn_winding_woodlands_5x15_longhouse,
          nzn_winding_woodlands_5x15_sawtooth,
          nzn_winding_woodlands_5x15_crooked,
          nzn_winding_woodlands_center_garden], layout_regular_city,
          slime_entry_1
Lair:5:   evilmike_catoblepas_cave, layout_layer_cave,
          portal_ice_cave_entry_ice_simulacra, uniq_kirke
Spider:1: layout_spider_delve, uniq_nikola
Orc:1:    layout_caves, mines5_lemuel
Orc:2:    hellmonk_orc_salted, layout_caves, serial_shops, shop, shop,
          shop_fountains, nicolae_shop_bloodbath_and_beyond, bh_open_orc_temple,
          uniq_maurice

Skill      XL: |  1  2  3  4  5  6  7  8  9 10 11 12 13 14 15 16 |
---------------+-------------------------------------------------+-----
Fighting       | 3 4 5 6 9 10 12 15 | 15.0
Unarmed Combat | 3 4 5 6 9 10 11 12 13 | 13.2
Dodging        | 2 3 4 5 7 8 9 10 | 10.0
Shields        | 1 4 5 12 15 | 15.0
Shapeshifting  | 6 8 10 | 10.0
Evocations     | 5 |  5.0
Armour         | |  2.4

Action                     |  1- 3 |  4- 6 |  7- 9 | 10-12 | 13-15 | 16-18 || total
---------------------------+-------+-------+-------+-------+-------+-------++-------
  Melee: Unarmed           |   108 |   166 |   288 |   406 |  1854 |   374 ||  3196
         Tailslap          |    13 |    16 |    37 |    69 |   354 |    76 ||   565
         Punch             |     1 |     5 |       |       |       |       ||     6
         Maw               |       |       |       |       |   661 |   162 ||   823
  Throw: Stone             |       |     1 |       |     7 |       |       ||     8
         Boomerang         |       |       |       |       |     1 |    10 ||    11
 Invoke: Berserk           |     1 |     3 |     4 |     5 |     8 |     6 ||    27
         Trog's Hand       |       |       |     1 |       |     6 |     3 ||    10
         Brothers in Arms  |       |       |       |     2 |     2 |     1 ||     5
  Evoke: Lightning rod     |       |       |       |       |     3 |       ||     3
         Sack of spiders   |       |       |       |       |     1 |       ||     1
         Wand              |       |       |       |       |     2 |       ||     2
    Use: Scroll            |     3 |       |    13 |     9 |    13 |     1 ||    39
         Potion            |       |     1 |     1 |     3 |     1 |     2 ||     8
   Stab: Sleeping          |     2 |       |       |     1 |       |       ||     3
         Fleeing           |       |       |       |     1 |       |       ||     1
         Distracted        |       |       |       |       |     2 |       ||     2
 Armour: Animal skin       |    65 |    58 |       |       |       |       ||   123
         Leather armour    |       |    29 |   163 |   230 |   170 |       ||   592
         Skin              |       |       |       |       |   786 |   214 ||  1000
  Dodge: Dodged            |    55 |    77 |    98 |   195 |   767 |   131 ||  1323
  Block: Buckler           |       |       |    84 |   162 |   402 |       ||   648
         Kite shield       |       |       |       |       |   419 |   438 ||   857
   Form: Maw               |       |       |       |       |     1 |       ||     1
